 Dungeon Crawl Stone Soup version 0.16-a0-3115-g4870798 (webtiles) character file.

6 MackTheKnife the Magician (level 1, 0/10 HPs)
             Began as a Gargoyle Wizard on Dec 13, 2014.
             Slain by a hobgoblin
             ... wielding a +0 club
              (2 damage)
             ... on level 1 of the Dungeon.
             The game lasted 00:00:55 (499 turns).

MackTheKnife the Magician (Gargoyle Wizard)          Turns: 499, Time: 00:00:56

Health: 0/10       AC:  5    Str: 10    XL:     1   Next: 90%
Magic:  1/4        EV: 11    Int: 18    God:
Gold:   30         SH:  0    Dex:  8    Spells: 1 memorised, 5 levels left

rFire  . . .     SeeInvis .     g - +0 dagger
rCold  . . .     Clarity  .     a - +0 robe
rNeg   + . .     SustAb   .     (no shield)
rPois  ∞         Gourm    .     b - +0 hat
rElec  +         Spirit   .     h - +0 cloak
rCorr  .         Warding  .     (no gloves)
rMut   .         Stasis   .     (no boots)
MR     .....                    (no amulet)
Stlth  ++........               (no ring)
                                (no ring)

@: not resistant to hostile enchantments, unstealthy
A: negative energy resistance 1, electricity resistance, unbreathing,
petrification resistance, rot immunity, AC +2
a: no special abilities


You were on level 1 of the Dungeon.
You were not hungry.

You visited 1 branch of the dungeon, and saw 1 of its levels.

You collected 30 gold pieces.


Innate Abilities, Weirdness & Mutations

You are resistant to torment.
You are immune to poison.
Your stone body is very resilient (AC +2).
You resist negative energy.
You are resistant to electric shocks.
You can survive without breathing.
You are immune to petrification.
You are immune to rotting.


   Skills:
 - Level 1.5 Dodging
 - Level 2.1 Stealth
 + Level 3.2 Spellcasting
 + Level 1.5 Conjurations
   Level 0.8 Summonings
   Level 0.8 Translocations


You had 5 spell levels left.
You knew the following spells:

 Your Spells              Type           Power        Failure   Level  Hunger
z - Magic Dart            Conj           #...         12%         1    None

Inventory:

Hand weapons
 g - a +0 dagger (weapon)
Armour
 a - a +0 robe (worn)
 b - a +0 hat (worn)
 h - a +0 cloak (worn)
Scrolls
 e - a scroll of magic mapping {unknown}
 f - a scroll of enchant armour {unknown}
Books
 c - a book of Minor Magic

   Spells                             Type                      Level
   a - Magic Dart                     Conjuration                  1
   b - Blink                          Translocation                2
   c - Call Imp                       Summoning                    2
   d - Repel Missiles                 Charms/Air                   2
   e - Slow                           Hexes                        2
   f - Conjure Flame                  Conjuration/Fire             3
   g - Mephitic Cloud                 Conjuration/Poison/Air       3
Comestibles
 d - a bread ration
 i - 2 fruits

# ####### ############## .
......####.....##.....######### .
......#........##.....#...#...##.
..>......................).......
......#...............#...#...#..
......####.#....9g.##.....#...#..
##.#### #.#..............#...#..
##.# #.#....b.#.......#......
...# ......#.......######....
...# ......#.......# #.... ...###
............... #.... .....#
............. ..... ......
........... ... ...... #####


You could see a hobgoblin and a bat.


Message History

A hobgoblin comes into view. It is wielding a club.
The bat hits you but does no damage.
You barely miss the bat. The bat closely misses you.
You barely miss the bat. The bat barely misses you.
You barely miss the bat. The bat hits you but does no damage. The bat hits you.
You miss the bat. The bat hits you but does no damage.
Aiming: Magic Dart
Aim: a hobgoblin, wielding a club The magic dart hits the hobgoblin.
The hobgoblin is moderately wounded.
The bat hits you.
You hit the hobgoblin but do no damage.
The hobgoblin is moderately wounded.
The bat barely misses you. The hobgoblin closely misses you.
You closely miss the hobgoblin.
The hobgoblin is moderately wounded.
The bat barely misses you. The hobgoblin hits you with a club.
* * * LOW HITPOINT WARNING * * *
The bat closely misses you. The bat closely misses you. The bat hits you.
* * * LOW HITPOINT WARNING * * *
The bat hits you but does no damage. The bat barely misses you. x2
The bat hits you but does no damage. The bat closely misses you.
The bat hits you but does no damage. The bat barely misses you.
There is an escape hatch in the floor here.
The bat closely misses you. The hobgoblin hits you with a club.
You die...

Action                   || total
-------------------------++-------
Melee: Dagger            ||    13
       Unarmed           ||     4
 Cast: Magic Dart        ||    16

Vault maps used:
D:1:      roderic_octagonal_star

Notes
Turn   | Place    | Note
--------------------------------------------------------------
     0 | D:1      | MackTheKnife, the Gargoyle Wizard, began the quest for the Orb.
     0 | D:1      | Reached XP level 1. HP: 10/10 MP: 4/4
   499 | D:1      | Slain by a hobgoblin

Vanquished Creatures
  3 hobgoblins (D:1)
  2 giant newts (D:1)
  A goblin (D:1)
6 creatures vanquished.
